 Dungeon Sprint DCSS version 0.30.1-11-g7821555f0a (webtiles) character file.

Game seed: 4654435205047220418

317 Heoruswealwe the Spear-Bearer (level 6, -1/62 HPs)
             Began as a Minotaur Fighter on Dec 27, 2023.
             Was an Initiate of Gozag.
             Slain by a vampire (5 damage)
             ... in the Dungeon (Sprint IX: "|||||||||||||||||||||||||||||").
             The game lasted 00:01:11 (118 turns).

Heoruswealwe the Spear-Bearer (Minotaur Fighter)     Turns: 118, Time: 00:01:11

Health: -1/62      AC:  8    Str: 22    XL:     6   Next: 20%
Magic:  5/5        EV:  9    Int:  5    God:    Gozag
Gold:   0          SH:  4    Dex: 10    Spells: 5/5 levels left

rFire   . . .        a - +0 trident
rCold   . . .        d - +0 buckler
rNeg    . . .        c - +0 scale mail
rPois   .            (helmet restricted)
rElec   .            (no cloak)
rCorr   .            (no gloves)
SInv    .            (no boots)
Will    .....        (no amulet) Stlth
                     (no ring)
HPRegen 0.30/turn    (no ring)
MPRegen 0.09/turn

%: no teleportation
@: gold aura
A: horns 2, retaliatory headbutt
a: Renounce Religion, Potion Petition, Call Merchant, Bribe Branch


You were in the Dungeon.
You worshipped Gozag.
Gozag was noncommittal.
You visited 1 branch

Inventory:

Hand Weapons
 a - a +0 trident (weapon)
Armour
 c - a +0 scale mail (worn)
 d - a +0 buckler (worn)
Jewellery
 k - a +3 ring of intelligence
 l - a +2 ring of evasion
Wands
 h - a wand of light (10)
Scrolls
 j - 2 scrolls of blinking
Potions
 b - a potion of might
 e - 4 potions of curing
 f - 3 potions of heal wounds
 g - a potion of haste
 i - a potion of berserk rage


   Skills:
 + Level 8.7 Fighting
 * Level 11.3 Polearms
 + Level 8.7 Armour
 - Level 3.6 Shields


You had 5 spell levels left.
You didn't know any spells.
Your spell library was empty.

Dungeon Overview and Level Annotations

Branches:
Dungeon (1/1)

Altars:
Cheibriados
Dithmenos
Elyvilon
Fedhas
Gozag
Hepliaklqana
Kikubaaqudgha
Makhleb
Nemelex Xobeh
Okawaru
Qazlal
Ru
Sif Muna
Trog
Uskayaw
Vehumet
Wu Jian
Xom
Yredelemnul
Zin
The Shining One
Jiyva
Lugonu


Innate Abilities, Weirdness & Mutations

You have a pair of horns on your head.
You reflexively headbutt those who attack you in melee.


Message History

You hit something but do no damage. Your headbutt misses something.
Something hits you! Something bites you but does no damage.
You miss something. Something hits you. Something bites you!
Something draws strength from your injuries!
You miss something. Your headbutt misses something. Something hits you!
Something bites you but does no damage.
The acid dragon is distracted by your dazzling golden aura.
The acid dragon roars!
You hit something. Your headbutt misses something.
The acid dragon is no longer distracted by gold.
You closely miss something. You headbutt something. Something hits you!
* * * LOW HITPOINT WARNING * * *
Something completely misses you.
You hit something.
You hear some strange, mumbled words.
You are confused.
You miss something. Your headbutt misses something. Something hits you.
* * * LOW HITPOINT WARNING * * *
Something bites you but does no damage.
You bump into the unnaturally hard rock wall.
The acid dragon is distracted by your dazzling golden aura.
Something hits you but does no damage. Something bites you but does no damage.
The acid dragon spits acid at you.
The splash of acid hits something.
The acid corrodes something!
The acid dragon roars!
You bump into the unnaturally hard rock wall.
Something hits you!
* * * LOW HITPOINT WARNING * * *
Something completely misses you.
You miss something. Your headbutt misses something.
You bump into the unnaturally hard rock wall.
The acid dragon is no longer distracted by gold.
You hear some strange, mumbled words.
Something tries to affect you, but you resist.
You bump into the unnaturally hard rock wall.
You feel less confused.
The acid dragon is distracted by your dazzling golden aura.
You block something's attack. Something bites you.
You die...
Your body crumbles into a pile of gold.

▓+▓
$
▓.▓
$
▓D▓
$ $
▓D▓
$
▓D▓
$
▓D▓
▓{▓
$
▓@▓
▓.▓
$
▓.▓
▓[▓
$
▓[▓
▓[▓
$
▓.▓
$
▓)▓
$
▓?▓


You could see 4 acid dragons.

Vanquished Creatures
  2 centaurs (D)
  A phantom (D)
  A scorpion (D)
  An iguana (D)
  A dart slug (D)
  A goblin (D)
  A hobgoblin (D)
  A quokka (D)
  2 kobolds (D)
11 creatures vanquished.

Notes
Turn   | Place    | Note
-------+----------+-------------------------------------------
     0 | D        | Heoruswealwe the Minotaur Fighter began the quest for the
                  | Orb.
     0 | D        | Reached XP level 1. HP: 19/19 MP: 0/0
     6 | D        | Reached skill level 3 in Polearms
    28 | D        | Noticed a phantom
    28 | D        | Noticed an iguana
    28 | D        | Noticed a centaur
    28 | D        | Noticed a scorpion
    31 | D        | Reached skill level 4 in Polearms
    31 | D        | Reached XP level 2. HP: 28/28 MP: 1/1
    35 | D        | Killed a scorpion
    36 | D        | Reached skill level 5 in Fighting
    36 | D        | Reached skill level 7 in Polearms
    36 | D        | Reached skill level 5 in Armour
    36 | D        | Reached XP level 3. HP: 31/37 MP: 2/2
    40 | D        | Killed a centaur
    41 | D        | Reached skill level 8 in Polearms
    41 | D        | Reached XP level 4. HP: 30/47 MP: 3/3
    41 | D        | Reached XP level 5. HP: 34/52 MP: 4/4
    45 | D        | Reached skill level 9 in Polearms
    48 | D        | Killed a phantom
    49 | D        | Reached skill level 10 in Polearms
    55 | D        | Found a snail-covered altar of Cheibriados.
    55 | D        | Found a shadowy altar of Dithmenos.
    55 | D        | Found a white marble altar of Elyvilon.
    55 | D        | Found a blossoming altar of Fedhas.
    55 | D        | Found an opulent altar of Gozag.
    56 | D        | Found a hazy altar of Hepliaklqana.
    57 | D        | Found a viscous altar of Jiyva.
    58 | D        | Found an ancient bone altar of Kikubaaqudgha.
    59 | D        | Found a corrupted altar of Lugonu.
    60 | D        | Found a burning altar of Makhleb.
    61 | D        | Found a sparkling altar of Nemelex Xobeh.
    62 | D        | Found an iron altar of Okawaru.
    63 | D        | Became a worshipper of Gozag Ym Sagoz the Greedy
    64 | D        | Found a stormy altar of Qazlal.
    65 | D        | Found a sacrificial altar of Ru.
    66 | D        | Found a shimmering blue altar of Sif Muna.
    67 | D        | Found a bloodstained altar of Trog.
    68 | D        | Found a hide-covered altar of Uskayaw.
    69 | D        | Found a radiant altar of Vehumet.
    70 | D        | Found an ornate altar of the Wu Jian Council.
    71 | D        | Found a shimmering altar of Xom.
    72 | D        | Found a basalt altar of Yredelemnul.
    73 | D        | Found a glowing silver altar of Zin.
    74 | D        | Found a glowing golden altar of the Shining One.
    98 | D        | Noticed an acid dragon
    98 | D        | Noticed an acid dragon
    98 | D        | Noticed an acid dragon
    98 | D        | Noticed an acid dragon
    98 | D        | Noticed a vampire
    98 | D        | Noticed a centaur
   105 | D        | Killed a centaur
   106 | D        | Reached skill level 11 in Polearms
   106 | D        | Reached XP level 6. HP: 50/62 MP: 5/5
   118 | D        | Slain by a vampire

Illustrated notes

Levels and vault maps discovered:
D:        linesprint [early_d, line_temple, items_1, d_10, items_2, lair_1,
          lair_end, items_3, orc_1, orc_end, items_4, d_15, swamp_1, shoals_1,
          snake_1, spider_1, d_20, vaults_1, items_5, swamp_end, shoals_end,
          snake_end, spider_end, vaults_end, d_27, items_6, zot_1, zot_end,
          crypt_end, forest_end, elf_end, slime_end, tomb_end, abyss_end,
          pan_hell_end]

Skill      XL: |  1  2  3  4  5 |
---------------+----------------+-----
Polearms       | 4 7 8 11 | 11.3
Fighting       | 4 5 7 8 |  8.7
Armour         | 4 5 7 8 |  8.7
Shields        | |  3.6

Action                     |  1- 3 |  4- 6 || total
---------------------------+-------+-------++-------
  Melee: Trident           |    25 |    23 ||    48
         Headbutt          |     2 |     4 ||     6
    Use: Potion            |     1 |       ||     1
 Armour: Scale mail        |    15 |     9 ||    24
  Dodge: Dodged            |     9 |    10 ||    19
  Block: Buckler           |     6 |     7 ||    13
